 Dungeon Crawl Stone Soup version 0.22-a0-601-gb0ed703 (webtiles) character file.

31 yoda5477 the Grave Robber (level 3, -3/33 HPs)
             Began as an Ogre Necromancer on July 6, 2018.
             Slain by a gnoll (5 damage)
             ... on level 1 of the Dungeon.
             The game lasted 00:08:44 (1785 turns).

yoda5477 the Grave Robber (Ogre Necromancer)        Turns: 1785, Time: 00:08:45

Health: -3/33      AC:  3    Str: 12    XL:     3   Next: 22%
Magic:  4/7        EV: 10    Int: 17    God:
Gold:   80         SH:  0    Dex:  9    Spells: 6/8 levels left

rFire    . . .     SeeInvis .   g - +0 dagger
rCold    . . .     Gourm    .   (no shield)
rNeg     . . .     Faith    .   a - +0 robe
rPois    .         Spirit   .   (helmet restricted)
rElec    .         Reflect  .   (no cloak)
rCorr    .         Harm     .   (gloves unavailable)
MR       .....                  (boots unavailable)
Stlth    +.........             (no amulet)
HPRegen  0.11/turn              (no ring)
MPRegen  0.10/turn              (no ring)

@: no status effects
A: large, unfitting armour, tough skin 1
a: no special abilities


You were on level 1 of the Dungeon.
You were not hungry.

You visited 1 branch of the dungeon, and saw 2 of its levels.

You collected 80 gold pieces.

Inventory:

Hand Weapons
 g - a +0 dagger (weapon)
 i - a +0 club
 l - a +0 short sword
Missiles
 d - 55 stones (quivered)
Armour
 a - a +0 robe (worn)
Scrolls
 e - a scroll of identify {unknown}
 k - a scroll of random uselessness {unknown}
 m - a scroll of amnesia {unknown}
 o - a scroll of remove curse {unknown}
 q - a scroll of enchant weapon {unknown}
Potions
 b - a potion of curing {unknown}
 f - a potion of flight {unknown}
 h - 2 potions of heal wounds {unknown}
 j - a potion of lignification {unknown}
 n - a potion of mutation {unknown}
 p - a potion of brilliance {unknown}
Comestibles
 c - a ration


   Skills:
 * Level 1.2 Fighting
 + Level 1.8 Dodging
 - Level 1.4 Stealth
 + Level 3.2 Spellcasting
 + Level 4.0 Necromancy


You had 6 spell levels left.
You knew the following spells:

 Your Spells              Type           Power        Failure   Level  Hunger
a - Pain                  Necr           ###.         3%          1    None
b - Animate Skeleton      Necr           N/A          3%          1    None

Your spell library contained the following spells:

 Spells                   Type           Power        Failure   Level  Hunger
 Animate Dead             Necr           N/A          32%         4    ####...
 Vampiric Draining        Necr           ###.......   10%         3    ###....
 Regeneration             Chrm/Necr      #.........   22%         3    ###....


Dungeon Overview and Level Annotations

Branches:
Dungeon (2/15)

Altars:


Innate Abilities, Weirdness & Mutations

You are too large for most types of armour.
You have tough skin. (AC +1)


Message History

The gnoll is moderately wounded.
The gnoll hits you!
The gnoll hits you from afar with a halberd!
The gnoll closely misses you. The gnoll barely misses you.
You climb upwards.
There is a stone staircase leading down here.
Casting: Pain (safe; 3% risk of failure)
Confirm with . or Enter, or press ? or * to list all spells.
Aiming: Pain (safe; 3% risk of failure)
Press: ? - help, Shift-Dir - straight line, f - gnoll
Aim: a gnoll (moderately wounded, chance to defeat MR: 81%)
The gnoll barely resists.
The gnoll hits you!
* * * LOW HITPOINT WARNING * * *
Casting: Pain (safe; 3% risk of failure)
Confirm with . or Enter, or press ? or * to list all spells.
Aiming: Pain (safe; 3% risk of failure)
Press: ? - help, Shift-Dir - straight line, f/p - gnoll
Aim: a gnoll (moderately wounded, chance to defeat MR: 81%)
The gnoll writhes in agony!
The gnoll hits you.
You die...

..##### #.# #....##.#
#.# ..#######.#
##....##.# #.#
..........#
###........#######.#
#.#########
#..................#
...####
♣.♣...............##
#.....#
♣.♣##...#########.#
##.##.# ♣.♣ #...# #.#
#.##.# ♣.♣###.########
#.# ##.##.#
♣.♣@g...>.....###.##
......#
♣.♣###.###.#........
......#
♣.♣###....###.###.#.
......# ♣.♣.######.#.##
#... .....## ##♣.♣..##
##.## #... .....#
##...##..## #(# #...
.#.### #..#####..#
#.#####... .#.#
##..###..####♣♣♣♣......
...#
##..#......♣♣P.♣.♣..##


You could see a gnoll.

Vanquished Creatures
  An ooze (D:1)
  2 leopard geckos (D:1)
  A goblin (D:1)
  5 hobgoblins (D:1)
  6 bats (D:1)
  2 frilled lizards
  5 kobolds (D:1)
  6 rats
28 creatures vanquished.

Notes
Turn   | Place    | Note
-------+----------+-------------------------------------------
     0 | D:1      | yoda5477 the Ogre Necromancer began the quest for the Orb.
     0 | D:1      | Reached XP level 1. HP: 16/16 MP: 3/3
     2 | D:1      | Learned a level 1 spell: Animate Skeleton
   462 | D:1      | Reached XP level 2. HP: 25/26 MP: 5/5
   513 | D:1      | Reached skill level 1 in Fighting
  1046 | D:1      | Reached XP level 3. HP: 32/33 MP: 4/7
  1245 | D:1      | Reached skill level 4 in Necromancy
  1785 | D:1      | Slain by a gnoll

Vault maps used:
D:1:      lightli_arrival_noodles, serial_forest,
          infiniplex_forest_clump_curved, infiniplex_forest_end_1,
          infiniplex_forest_lined_3_way, infiniplex_forest_3_way,
          infiniplex_forest_clump_small, infiniplex_forest_clump_double,
          infiniplex_forest_zigzag_1, infiniplex_forest_straight_3
D:2:      lemuel_round_altar

Skill      XL: |  1  2  3 |
---------------+----------+-----
Fighting       | 1 |  1.2
Spellcasting   | 3 |  3.2
Necromancy     | 4 |  4.0
Dodging        | |  1.8
Stealth        | |  1.4

Action                   || total
-------------------------++-------
Melee: Dagger            ||    35
       Unarmed           ||     1
Throw: Stone             ||     5
 Cast: Pain              ||    42
       Animate Skeleton  ||     1
 Stab: Sleeping          ||     2
  Eat: Chunk             ||     3
Armor: Robe              ||    20
Dodge: Dodged            ||    37

Table legend:
 A = Spawn XP
 B = Non-spawn XP
 C = Spawn XP percentage of total XP
 D = Spawn monster count
 E = Non-spawn monster count
 F = Spawn count percentage of total count
 G = Total turns spent on level
                    A         B        C        D         E        F      G
               +---------+---------+-------+---------+---------+-------+---------
         Total |       0 |      45 |   0.0 |       0 |      28 |   0.0 |  1785
               +---------+---------+-------+---------+---------+-------+---------
           D:1 |       0 |      43 |   0.0 |       0 |      26 |   0.0 |  1646
           D:2 |       0 |       2 |   0.0 |       0 |       2 |   0.0 |   139
               +---------+---------+-------+---------+---------+-------+---------
